Devils vs Lightning

Created - 1 novembre 2020 at 19:13

Goals
1 2 3 T
Devils 0 3 1 4
Lightning 1 1 1 3
Shots
1 2 3 T
Devils 16 14 9 39
Lightning 13 9 11 33

1st period

1. Lightning , Pierre-Edouard Bellemare 1 (Jeff Skinner 1, Alexander Edler 2) at 17:48

Penalties :
Ryan Suter (NJD) for High sticking (Minor) at 10:28

2nd period

2. Devils , Mike Hoffman 1 (Pavel Zacha 2, Tyler Bozak 1) at 1:31
3. Devils , Damon Severson 1 (Nicklas Backstrom 1, T.J. Oshie 1) at 9:19
4. Devils , Niklas Hjalmarsson 2 (Chris Kreider 1, Nicklas Backstrom 2) at 12:42
5. Lightning , Patrice Bergeron 1 (Alexander Edler 3, Kevin Shattenkirk 1) at 18:23

Penalties :
Erik Gudbranson (TBL) for Fighting (Major) at 1:23, Mikhail Sergachev (NJD) for Fighting (Major) at 1:23, Ryan Suter (NJD) for Boarding (Minor) at 14:24

3rd period

6. Lightning , Patrice Bergeron 2 (Logan Couture 2) at 0:53
7. Devils , Mike Hoffman 2 (Cale Makar 1, Ryan Suter 1) at 17:34 (PP)

Penalties :
Jeff Carter (TBL) for Elbowing (Minor) at 16:44

Goalie Stats

Jordan Binnington (NJD), 30 saves from 33 shots - (0,909), W, 1-0-0, 60:00 minutes
Jaroslav Halak (TBL), 35 saves from 39 shots - (0,897), L, 0-1-0, 59:36 minutes

Players Stats for Devils

Player Name              G  A  P  +/- PIM S  H  SB GA TA FO     MP     PP MP  PK MP  
------------------------------------------------------------------------------------
Brian Boyle              0  0  0  -1  0   1  0  0  0  0  4/7     8:07   0:00   1:49 
Cale Makar               0  1  1  -1  0   2  1  1  0  0  0/0    21:37   0:50   2:15 
Chris Kreider            0  1  1   1  0   7  4  0  0  0  2/3    17:37   0:12   0:17 
Damon Severson           1  0  1   1  0   1  4  1  0  0  0/0    20:27   0:00   2:01 
Justin Schultz           0  0  0   0  0   3  1  1  0  0  0/0    20:36   0:00   1:43 
Mathieu Joseph           0  0  0  -1  0   1  0  0  0  0  0/0     6:47   0:00   0:00 
Mike Hoffman             2  0  2   1  0   4  2  0  0  0  0/1    16:04   0:38   0:00 
Mikhail Sergachev        0  0  0   1  5   1  6  2  0  0  0/0    16:04   0:00   0:14 
Nicklas Backstrom        0  2  2   1  0   2  0  0  0  0  14/24  17:34   0:12   0:14 
Niklas Hjalmarsson       1  0  1   0  0   1  0  0  0  0  0/0    19:42   0:00   1:43 
Pavel Zacha              0  1  1   1  0   1  2  0  0  0  1/2    18:06   0:00   2:11 
Rocco Grimaldi           0  0  0  -1  0   1  0  0  0  0  0/0     6:18   0:00   0:00 
Ryan Suter               0  1  1  -1  4   0  3  1  0  0  0/0    21:31   0:50   0:00 
Sam Reinhart             0  0  0  -1  0   2  0  1  0  0  7/18   16:29   0:38   0:00 
T.J. Oshie               0  1  1   1  0   3  1  0  0  0  0/1    17:20   0:12   0:00 
Travis Konecny           0  0  0  -1  0   5  0  0  0  0  2/2    16:29   0:38   0:00 
Tyler Bozak              0  1  1   1  0   3  1  0  0  0  13/25  17:50   0:00   1:55 
Zack Smith               0  0  0  -1  0   1  3  0  0  0  0/2    17:21   0:00   1:30 

Players Stats for Lightning

Player Name              G  A  P  +/- PIM S  H  SB GA TA FO     MP     PP MP  PK MP  
------------------------------------------------------------------------------------
Alex Killorn             0  0  0   0  0   4  0  1  0  0  0/0    19:25   1:55   0:00 
Alexander Edler          0  2  2   0  0   0  3  0  0  0  0/0    25:06   2:03   0:32 
Bo Horvat                0  0  0   0  0   3  0  0  0  0  11/24  19:25   1:55   0:00 
Erik Gudbranson          0  0  0   1  5   1  4  1  0  0  0/0    18:49   1:55   0:18 
Frederik Gauthier        0  0  0   0  0   1  0  0  0  0  2/5     3:30   0:00   0:00 
Jason Demers             0  0  0   1  0   1  1  1  0  0  0/0    20:39   1:55   0:18 
Jeff Carter              0  0  0   0  2   5  3  0  0  0  0/2    20:35   2:03   0:00 
Jeff Skinner             0  1  1   0  0   3  0  0  0  0  0/0    15:39   0:00   0:00 
Joonas Donskoi           0  0  0   0  0   0  0  0  0  0  0/0     4:20   0:00   0:50 
Kevin Shattenkirk        0  1  1   1  0   2  1  1  0  0  0/0    21:37   2:03   0:32 
Logan Couture            0  1  1   0  0   1  1  0  0  0  0/1    20:36   2:03   0:00 
Luca Sbisa               0  0  0  -1  0   0  2  0  0  0  0/0    14:15   0:00   0:00 
Patrice Bergeron         2  0  2   0  0   4  0  0  0  0  12/27  20:36   2:03   0:00 
Pierre-Edouard Bellemare 1  0  1   0  0   2  1  1  0  0  3/3    16:29   0:00   0:50 
Travis Zajac             0  0  0   0  0   4  0  0  0  0  13/22  15:39   0:00   0:00 
Trevor Daley             0  0  0  -1  0   0  0  1  0  0  0/0     6:01   0:00   0:00 
Zach Bogosian            0  0  0  -1  0   0  0  2  0  0  0/0    13:32   0:00   0:00 
Zack Kassian             0  0  0   0  0   2  2  0  0  0  1/1    22:55   1:55   0:00 

3 Stars

1 - Mike Hoffman (NJD)
2 - Patrice Bergeron (TBL)
3 - Damon Severson (NJD)

Power Play

Devils - 1 on 1 Attempt(s) - 100,00%
Lightning - 0 on 2 Attempt(s) - 0,00%

Penalty Kill

Devils - 2 on 2 Attempt(s) - 100,00% - Score 0 goal in Penalty Kill
Lightning - 0 on 1 Attempt(s) - 0,00% - Score 0 goal in Penalty Kill

Team Stat

Devils - Hits : 28 - Faceoff Wins : 43 - Blocked Shots : 7 - Penalty Minutes : 9
Lightning - Hits : 18 - Faceoff Wins : 42 - Blocked Shots : 8 - Penalty Minutes : 7

Official

Referees : Andrew Wilk and Garrett Rank
Linesman : Jesse Marquis and Kyle Allen

Game Notes

Erik Gudbranson and Mikhail Sergachev fight to a draw at 1:23 of 2nd period
Zach Bogosian is injured at 8:18 of 3rd period (Right Hand)

Finance

Level 1 -- Attendance: 6125 (94,23%) -- Ticket Income 673 750 $
Level 2 -- Attendance: 4050 (81,00%) -- Ticket Income 384 750 $
Level 3 -- Attendance: 3073 (87,80%) -- Ticket Income 230 475 $
Level 4 -- Attendance: 2554 (79,71%) -- Ticket Income 114 930 $
Luxury Box -- Attendance: 578 (57,80%) -- Ticket Income 208 080 $
Game was played at the Amalie Arena.
Total Attendance: 16380 (85,29%)
Total Ticket Income: 1 611 985 $
Other Income: 789 873 $
Total Income: 2 401 858 $

% Time on Ice - Devils

Lines # - Real PCT - Wanted PCT - Time Play
Normal Forward
1 - 32% - 33% - 17:08
2 - 29% - 32% - 15:51
3 - 28% - 30% - 15:06
4 - 12% - 5% - 6:18
Normal Defense
1 - 32% - 32% - 17:24
2 - 33% - 32% - 18:06
3 - 32% - 31% - 17:30
4 - 3% - 5% - 1:23
PP Forward
1 - 24% - 60% - 0:12
2 - 76% - 40% - 0:38
PP Defense
1 - 100% - 60% - 0:50
2 - 0% - 40% - 0:00
PK Forward
1 - 62% - 60% - 2:28
2 - 38% - 40% - 1:30
PK Defense
1 - 43% - 60% - 1:43
2 - 57% - 40% - 2:15
PK3 Forward
1 - 0% - 60%
2 - 0% - 40%
PK3 Defense
1 - 0% - 60%
2 - 0% - 40%
44 Forward
1 - 0% - 60%
2 - 0% - 40%
44 Defense
1 - 0% - 60%
2 - 0% - 40%
Last Minute Offensive  - 0:00
Last Minute Defensive  - 0:49
Total
Forward - 60:00
Defense - 60:00

% Time on Ice - Lightning

Lines # - Real PCT - Wanted PCT - Time Play
Normal Forward
1 - 34% - 35% - 18:33
2 - 32% - 35% - 17:30
3 - 28% - 20% - 15:10
4 - 6% - 10% - 3:30
Normal Defense
1 - 35% - 40% - 19:02
2 - 34% - 30% - 18:26
3 - 25% - 20% - 13:46
4 - 6% - 10% - 3:29
PP Forward
1 - 52% - 53% - 2:03
2 - 48% - 47% - 1:55
PP Defense
1 - 52% - 60% - 2:03
2 - 48% - 40% - 1:55
PK Forward
1 - 100% - 60% - 0:50
2 - 0% - 40% - 0:00
PK Defense
1 - 64% - 60% - 0:32
2 - 36% - 40% - 0:18
PK3 Forward
1 - 0% - 60%
2 - 0% - 40%
PK3 Defense
1 - 0% - 60%
2 - 0% - 40%
44 Forward
1 - 0% - 60%
2 - 0% - 40%
44 Defense
1 - 0% - 60%
2 - 0% - 40%
Last Minute Offensive  - 0:29
Last Minute Defensive  - 0:00
Total
Forward - 60:00
Defense - 60:00

Play-by-Play

1st period


0:01 of 1st period - Nicklas Backstrom wins face-off versus Patrice Bergeron in neutral zone.
0:23 of 1st period - Shot by Chris Kreider.
0:23 of 1st period - Stopped by Jaroslav Halak without a rebound.
0:24 of 1st period - Sam Reinhart wins face-off versus Bo Horvat in Lightning zone.
0:35 of 1st period - Shot by Travis Konecny.
0:35 of 1st period - Shot Misses the Net.
0:52 of 1st period - Sam Reinhart is hit by Erik Gudbranson and loses puck.
0:55 of 1st period - Shot by Travis Konecny.
0:55 of 1st period - Stopped by Jaroslav Halak without a rebound.
0:56 of 1st period - Travis Zajac wins face-off versus Tyler Bozak in Lightning zone.
0:56 of 1st period - Travis Zajac is hit by Tyler Bozak.
1:24 of 1st period - Shot by Pavel Zacha.
1:24 of 1st period - Shot Misses the Net.
1:56 of 1st period - Shot by Chris Kreider.
1:56 of 1st period - Shot Blocked by Zach Bogosian.
1:58 of 1st period - Shot by Chris Kreider.
1:58 of 1st period - Stopped by Jaroslav Halak without a rebound.
1:59 of 1st period - Patrice Bergeron wins face-off versus Sam Reinhart in Lightning zone.
1:59 of 1st period - Patrice Bergeron is hit by Zack Smith.
2:07 of 1st period - Sam Reinhart is hit by Kevin Shattenkirk and loses puck.
2:24 of 1st period - Shot by Zack Smith.
2:24 of 1st period - Stopped by Jaroslav Halak without a rebound.
2:25 of 1st period - Brian Boyle wins face-off versus Bo Horvat in Lightning zone.
3:33 of 1st period - Shot by Chris Kreider.
3:33 of 1st period - Stopped by Jaroslav Halak with a rebound.
3:35 of 1st period - Shot by Nicklas Backstrom.
3:35 of 1st period - Stopped by Jaroslav Halak without a rebound.
3:36 of 1st period - Travis Zajac wins face-off versus Tyler Bozak in Lightning zone.
3:43 of 1st period - Shot by Jeff Skinner.
3:43 of 1st period - Stopped by Jordan Binnington with a rebound.
4:25 of 1st period - Shot by Patrice Bergeron.
4:25 of 1st period - Deflect By Jeff Carter.
4:25 of 1st period - Shot Misses the Net.
4:27 of 1st period - Shot by Jeff Carter.
4:27 of 1st period - Stopped by Jordan Binnington with a rebound.
4:31 of 1st period - Shot by Jeff Carter.
4:31 of 1st period - Shot Misses the Net.
4:33 of 1st period - Shot by Jeff Carter.
4:33 of 1st period - Shot Blocked by Mikhail Sergachev.
4:39 of 1st period - Shot by Logan Couture.
4:39 of 1st period - Shot Blocked by Damon Severson.
4:41 of 1st period - Shot by Alexander Edler.
4:41 of 1st period - Shot Misses the Net.
4:43 of 1st period - Shot by Jeff Carter.
4:43 of 1st period - Stopped by Jordan Binnington with a rebound.
4:45 of 1st period - Shot by Alexander Edler.
4:45 of 1st period - Shot Misses the Net.
5:23 of 1st period - Shot by Travis Konecny.
5:23 of 1st period - Shot Blocked by Erik Gudbranson.
5:32 of 1st period - Shot by Travis Konecny.
5:32 of 1st period - Shot Misses the Net.
5:34 of 1st period - Shot by Travis Konecny.
5:34 of 1st period - Stopped by Jaroslav Halak without a rebound.
5:35 of 1st period - Chris Kreider wins face-off versus Travis Zajac in Lightning zone.
5:36 of 1st period - Shot by Nicklas Backstrom.
5:36 of 1st period - Stopped by Jaroslav Halak without a rebound.
5:37 of 1st period - Travis Zajac wins face-off versus Nicklas Backstrom in Lightning zone.
5:37 of 1st period - Jeff Skinner is hit by Chris Kreider.
6:09 of 1st period - Pierre-Edouard Bellemare is hit by Ryan Suter and loses puck.
6:16 of 1st period - Shot by Travis Zajac.
6:16 of 1st period - Stopped by Jordan Binnington without a rebound.
6:17 of 1st period - Bo Horvat wins face-off versus Sam Reinhart in Devils zone.
6:36 of 1st period - Shot by Alex Killorn.
6:36 of 1st period - Stopped by Jordan Binnington with a rebound.
7:34 of 1st period - Patrice Bergeron is hit by Ryan Suter and loses puck.
7:47 of 1st period - Shot by Jeff Carter.
7:47 of 1st period - Stopped by Jordan Binnington without a rebound.
7:48 of 1st period - Pierre-Edouard Bellemare wins face-off versus Nicklas Backstrom in Devils zone.
7:48 of 1st period - Pierre-Edouard Bellemare is hit by Mikhail Sergachev.
8:05 of 1st period - Jeff Skinner is hit by Mikhail Sergachev and loses puck.
8:29 of 1st period - Icing by Damon Severson.
8:30 of 1st period - Nicklas Backstrom wins face-off versus Jeff Carter in Devils zone.
9:20 of 1st period - Damon Severson is hit by Zack Kassian and loses puck.
9:24 of 1st period - Icing by Damon Severson.
9:25 of 1st period - Nicklas Backstrom wins face-off versus Frederik Gauthier in Devils zone.
9:45 of 1st period - Shot by Travis Konecny.
9:45 of 1st period - Shot Misses the Net.
10:17 of 1st period - Shot by Travis Zajac.
10:17 of 1st period - Stopped by Jordan Binnington without a rebound.
10:18 of 1st period - Patrice Bergeron wins face-off versus Tyler Bozak in Devils zone.
10:27 of 1st period - Shot by Kevin Shattenkirk.
10:27 of 1st period - Stopped by Jordan Binnington with a rebound.
10:28 of 1st period - Minor Penalty to Ryan Suter for High sticking.
10:29 of 1st period - Tyler Bozak wins face-off versus Patrice Bergeron in Devils zone.
10:58 of 1st period - Shot by Patrice Bergeron.
10:58 of 1st period - Shot Misses the Net.
11:06 of 1st period - Shot by Patrice Bergeron.
11:06 of 1st period - Shot Misses the Net.
11:22 of 1st period - Shot by Alex Killorn.
11:22 of 1st period - Shot Misses the Net.
11:24 of 1st period - Shot by Zack Kassian.
11:24 of 1st period - Stopped by Jordan Binnington with a rebound.
11:26 of 1st period - Shot by Erik Gudbranson.
11:26 of 1st period - Stopped by Jordan Binnington without a rebound.
11:27 of 1st period - Brian Boyle wins face-off versus Bo Horvat in Devils zone.
11:50 of 1st period - Shot by Bo Horvat.
11:50 of 1st period - Shot Misses the Net.
12:24 of 1st period - Icing by Patrice Bergeron.
12:25 of 1st period - Tyler Bozak wins face-off versus Patrice Bergeron in Lightning zone.
14:00 of 1st period - Shot by T.J. Oshie.
14:00 of 1st period - Deflect By Chris Kreider.
14:00 of 1st period - Stopped by Jaroslav Halak without a rebound.
14:01 of 1st period - Tyler Bozak wins face-off versus Bo Horvat in Lightning zone.
14:15 of 1st period - Alex Killorn is hit by Damon Severson and loses puck.
14:33 of 1st period - Shot by Zack Kassian.
14:33 of 1st period - Stopped by Jordan Binnington without a rebound.
14:34 of 1st period - Travis Zajac wins face-off versus Nicklas Backstrom in Devils zone.
14:49 of 1st period - Shot by Justin Schultz.
14:49 of 1st period - Stopped by Jaroslav Halak with a rebound.
14:51 of 1st period - Shot by T.J. Oshie.
14:51 of 1st period - Stopped by Jaroslav Halak without a rebound.
14:52 of 1st period - Frederik Gauthier wins face-off versus Brian Boyle in Lightning zone.
16:01 of 1st period - Erik Gudbranson is hit by Mike Hoffman and loses puck.
16:10 of 1st period - Shot by Mike Hoffman.
16:10 of 1st period - Stopped by Jaroslav Halak without a rebound.
16:11 of 1st period - Travis Zajac wins face-off versus Nicklas Backstrom in Lightning zone.
16:11 of 1st period - Travis Zajac is hit by Chris Kreider.
16:23 of 1st period - Shot by Chris Kreider.
16:23 of 1st period - Stopped by Jaroslav Halak without a rebound.
16:24 of 1st period - Patrice Bergeron wins face-off versus Sam Reinhart in Lightning zone.
16:26 of 1st period - Icing by Jason Demers.
16:27 of 1st period - Patrice Bergeron wins face-off versus Sam Reinhart in Lightning zone.
16:56 of 1st period - Shot by Patrice Bergeron.
16:56 of 1st period - Stopped by Jordan Binnington with a rebound.
17:46 of 1st period - Shot by Jeff Skinner.
17:46 of 1st period - Shot Blocked by Ryan Suter.
17:48 of 1st period - Shot by Pierre-Edouard Bellemare.
17:48 of 1st period - Goal by Pierre-Edouard Bellemare - Devils : 0 - Lightning : 1.
17:49 of 1st period - Tyler Bozak wins face-off versus Bo Horvat in neutral zone.
17:56 of 1st period - Shot by Mike Hoffman.
17:56 of 1st period - Deflect By Tyler Bozak.
17:56 of 1st period - Stopped by Jaroslav Halak without a rebound.
17:57 of 1st period - Bo Horvat wins face-off versus Tyler Bozak in Lightning zone.
17:57 of 1st period - Bo Horvat is hit by Mike Hoffman.
18:07 of 1st period - Shot by Mike Hoffman.
18:07 of 1st period - Shot Misses the Net.
18:09 of 1st period - Shot by Justin Schultz.
18:09 of 1st period - Shot Blocked by Zach Bogosian.
18:13 of 1st period - Shot by Pavel Zacha.
18:13 of 1st period - Stopped by Jaroslav Halak without a rebound.
18:14 of 1st period - Nicklas Backstrom wins face-off versus Patrice Bergeron in Lightning zone.
18:51 of 1st period - Icing by Patrice Bergeron.
18:52 of 1st period - Tyler Bozak wins face-off versus Patrice Bergeron in Lightning zone.
18:53 of 1st period - Shot by Justin Schultz.
18:53 of 1st period - Stopped by Jaroslav Halak without a rebound.
18:54 of 1st period - Bo Horvat wins face-off versus Tyler Bozak in Lightning zone.
18:58 of 1st period - Alex Killorn is hit by Pavel Zacha and loses puck.
19:41 of 1st period - Icing by Niklas Hjalmarsson.
19:42 of 1st period - Patrice Bergeron wins face-off versus Tyler Bozak in Devils zone.
Goals for this period are 0 for Devils vs 1 for Lightning.
Shots for this period are 16 for Devils vs 13 for Lightning.

2nd period


0:01 of 2nd period - Bo Horvat wins face-off versus Nicklas Backstrom in neutral zone.
0:04 of 2nd period - Shot by Alex Killorn.
0:04 of 2nd period - Shot Misses the Net.
0:06 of 2nd period - Shot by Kevin Shattenkirk.
0:06 of 2nd period - Shot Misses the Net.
0:08 of 2nd period - Shot by Alexander Edler.
0:08 of 2nd period - Shot Misses the Net.
0:10 of 2nd period - Shot by Bo Horvat.
0:10 of 2nd period - Shot Misses the Net.
0:25 of 2nd period - Alex Killorn is hit by Ryan Suter and loses puck.
0:39 of 2nd period - Shot by Alex Killorn.
0:39 of 2nd period - Stopped by Jordan Binnington without a rebound.
0:40 of 2nd period - Travis Konecny wins face-off versus Logan Couture in Devils zone.
0:40 of 2nd period - Travis Konecny is hit by Logan Couture.
0:51 of 2nd period - Travis Konecny is hit by Erik Gudbranson and loses puck.
1:15 of 2nd period - Jeff Carter is hit by Mikhail Sergachev and loses puck.
1:23 of 2nd period - Erik Gudbranson and Mikhail Sergachev fight to a draw.
1:23 of 2nd period - Penalty to Erik Gudbranson for Fighting.
1:23 of 2nd period - Penalty to Mikhail Sergachev for Fighting.
1:24 of 2nd period - Tyler Bozak wins face-off versus Travis Zajac in neutral zone.
1:31 of 2nd period - Shot by Mike Hoffman.
1:31 of 2nd period - Goal by Mike Hoffman - Devils : 1 - Lightning : 1.
1:32 of 2nd period - Bo Horvat wins face-off versus Nicklas Backstrom in neutral zone.
1:40 of 2nd period - Nicklas Backstrom is hit by Zack Kassian and loses puck.
1:56 of 2nd period - Off-side.
1:57 of 2nd period - Travis Zajac wins face-off versus Tyler Bozak in neutral zone.
2:16 of 2nd period - Shot by Zach Bogosian.
2:16 of 2nd period - Shot Misses the Net.
2:35 of 2nd period - Icing by Pierre-Edouard Bellemare.
2:36 of 2nd period - Nicklas Backstrom wins face-off versus Travis Zajac in Lightning zone.
3:11 of 2nd period - Shot by Kevin Shattenkirk.
3:11 of 2nd period - Stopped by Jordan Binnington without a rebound.
3:12 of 2nd period - Patrice Bergeron wins face-off versus Sam Reinhart in Devils zone.
3:12 of 2nd period - Logan Couture is hit by Damon Severson and loses puck.
3:23 of 2nd period - Shot by Jeff Carter.
3:23 of 2nd period - Stopped by Jordan Binnington without a rebound.
3:24 of 2nd period - Bo Horvat wins face-off versus Tyler Bozak in Devils zone.
3:53 of 2nd period - Shot by Mike Hoffman.
3:53 of 2nd period - Shot Misses the Net.
4:00 of 2nd period - Alex Killorn is hit by Cale Makar and loses puck.
4:17 of 2nd period - Shot by Jeff Carter.
4:17 of 2nd period - Stopped by Jordan Binnington without a rebound.
4:18 of 2nd period - Travis Zajac wins face-off versus Sam Reinhart in Devils zone.
4:27 of 2nd period - Shot by Pierre-Edouard Bellemare.
4:27 of 2nd period - Stopped by Jordan Binnington without a rebound.
4:28 of 2nd period - Nicklas Backstrom wins face-off versus Patrice Bergeron in Devils zone.
4:28 of 2nd period - Nicklas Backstrom is hit by Jeff Carter.
4:43 of 2nd period - Icing by Chris Kreider.
4:44 of 2nd period - Nicklas Backstrom wins face-off versus Travis Zajac in Devils zone.
5:06 of 2nd period - Shot by Jeff Skinner.
5:06 of 2nd period - Stopped by Jordan Binnington with a rebound.
5:10 of 2nd period - Shot by Pierre-Edouard Bellemare.
5:10 of 2nd period - Shot Misses the Net.
6:03 of 2nd period - Sam Reinhart is hit by Jason Demers and loses puck.
6:47 of 2nd period - Shot by Patrice Bergeron.
6:47 of 2nd period - Shot Misses the Net.
7:23 of 2nd period - Shot by Mathieu Joseph.
7:23 of 2nd period - Stopped by Jaroslav Halak without a rebound.
7:24 of 2nd period - Brian Boyle wins face-off versus Travis Zajac in Lightning zone.
7:24 of 2nd period - Rocco Grimaldi is hit by Erik Gudbranson and loses puck.
8:41 of 2nd period - Icing by Cale Makar.
8:42 of 2nd period - Sam Reinhart wins face-off versus Patrice Bergeron in Devils zone.
9:01 of 2nd period - Shot by T.J. Oshie.
9:01 of 2nd period - Shot Blocked by Trevor Daley.
9:11 of 2nd period - Shot by Damon Severson.
9:11 of 2nd period - Shot Misses the Net.
9:13 of 2nd period - Shot by Nicklas Backstrom.
9:13 of 2nd period - Shot Misses the Net.
9:15 of 2nd period - Shot by Nicklas Backstrom.
9:15 of 2nd period - Shot Misses the Net.
9:17 of 2nd period - Shot by Nicklas Backstrom.
9:17 of 2nd period - Shot Misses the Net.
9:19 of 2nd period - Shot by Damon Severson.
9:19 of 2nd period - Goal by Damon Severson - Devils : 2 - Lightning : 1.
9:20 of 2nd period - Bo Horvat wins face-off versus Pavel Zacha in neutral zone.
9:39 of 2nd period - Shot by Tyler Bozak.
9:39 of 2nd period - Stopped by Jaroslav Halak without a rebound.
9:40 of 2nd period - Travis Zajac wins face-off versus Brian Boyle in Lightning zone.
9:42 of 2nd period - Icing by Kevin Shattenkirk.
9:43 of 2nd period - Travis Zajac wins face-off versus Nicklas Backstrom in Lightning zone.
12:36 of 2nd period - Shot by Rocco Grimaldi.
12:36 of 2nd period - Stopped by Jaroslav Halak without a rebound.
12:37 of 2nd period - Nicklas Backstrom wins face-off versus Patrice Bergeron in Lightning zone.
12:40 of 2nd period - Shot by Chris Kreider.
12:40 of 2nd period - Stopped by Jaroslav Halak with a rebound.
12:42 of 2nd period - Shot by Niklas Hjalmarsson.
12:42 of 2nd period - Goal by Niklas Hjalmarsson - Devils : 3 - Lightning : 1.
12:43 of 2nd period - Sam Reinhart wins face-off versus Patrice Bergeron in neutral zone.
12:48 of 2nd period - Zack Smith is hit by Luca Sbisa and loses puck.
12:57 of 2nd period - Shot by Sam Reinhart.
12:57 of 2nd period - Shot Misses the Net.
13:07 of 2nd period - Shot by Sam Reinhart.
13:07 of 2nd period - Shot Misses the Net.
13:11 of 2nd period - Shot by Niklas Hjalmarsson.
13:11 of 2nd period - Shot Misses the Net.
13:13 of 2nd period - Shot by Travis Konecny.
13:13 of 2nd period - Stopped by Jaroslav Halak with a rebound.
13:15 of 2nd period - Shot by Justin Schultz.
13:15 of 2nd period - Stopped by Jaroslav Halak without a rebound.
13:16 of 2nd period - Travis Zajac wins face-off versus Chris Kreider in Lightning zone.
13:16 of 2nd period - Alexander Edler is hit by Chris Kreider and loses puck.
13:23 of 2nd period - Shot by T.J. Oshie.
13:23 of 2nd period - Deflect By Chris Kreider.
13:23 of 2nd period - Stopped by Jaroslav Halak without a rebound.
13:24 of 2nd period - Nicklas Backstrom wins face-off versus Travis Zajac in Lightning zone.
13:35 of 2nd period - Shot by Travis Zajac.
13:35 of 2nd period - Stopped by Jordan Binnington without a rebound.
13:36 of 2nd period - Tyler Bozak wins face-off versus Bo Horvat in Devils zone.
13:57 of 2nd period - Shot by Tyler Bozak.
13:57 of 2nd period - Shot Misses the Net.
14:03 of 2nd period - Shot by Tyler Bozak.
14:03 of 2nd period - Stopped by Jaroslav Halak with a rebound.
14:24 of 2nd period - Minor Penalty to Ryan Suter for Boarding.
14:25 of 2nd period - Patrice Bergeron wins face-off versus Zack Smith in Devils zone.
14:28 of 2nd period - Shot by Patrice Bergeron.
14:28 of 2nd period - Shot Misses the Net.
14:39 of 2nd period - Off-side.
14:40 of 2nd period - Tyler Bozak wins face-off versus Patrice Bergeron in neutral zone.
15:53 of 2nd period - Shot by Alex Killorn.
15:53 of 2nd period - Deflect By Bo Horvat.
15:53 of 2nd period - Stopped by Jordan Binnington without a rebound.
15:54 of 2nd period - Bo Horvat wins face-off versus Tyler Bozak in Devils zone.
16:43 of 2nd period - Shot by Pierre-Edouard Bellemare.
16:43 of 2nd period - Shot Blocked by Mikhail Sergachev.
17:15 of 2nd period - Shot by Travis Konecny.
17:15 of 2nd period - Shot Misses the Net.
17:17 of 2nd period - Shot by Ryan Suter.
17:17 of 2nd period - Shot Misses the Net.
17:23 of 2nd period - Shot by Ryan Suter.
17:23 of 2nd period - Shot Misses the Net.
18:15 of 2nd period - Shot by Logan Couture.
18:15 of 2nd period - Shot Blocked by Justin Schultz.
18:23 of 2nd period - Shot by Patrice Bergeron.
18:23 of 2nd period - Goal by Patrice Bergeron - Devils : 3 - Lightning : 2.
18:24 of 2nd period - Tyler Bozak wins face-off versus Bo Horvat in neutral zone.
18:35 of 2nd period - Shot by Mike Hoffman.
18:35 of 2nd period - Shot Misses the Net.
19:04 of 2nd period - Shot by Alex Killorn.
19:04 of 2nd period - Shot Misses the Net.
19:34 of 2nd period - Shot by T.J. Oshie.
19:34 of 2nd period - Stopped by Jaroslav Halak without a rebound.
19:35 of 2nd period - Sam Reinhart wins face-off versus Frederik Gauthier in Lightning zone.
19:42 of 2nd period - Shot by Travis Konecny.
19:42 of 2nd period - Stopped by Jaroslav Halak without a rebound.
19:43 of 2nd period - Nicklas Backstrom wins face-off versus Patrice Bergeron in Lightning zone.
19:44 of 2nd period - Shot by Cale Makar.
19:44 of 2nd period - Stopped by Jaroslav Halak without a rebound.
19:45 of 2nd period - Sam Reinhart wins face-off versus Jeff Carter in Lightning zone.
Goals for this period are 3 for Devils vs 1 for Lightning.
Shots for this period are 14 for Devils vs 9 for Lightning.

3rd period


0:01 of 3rd period - Nicklas Backstrom wins face-off versus Bo Horvat in neutral zone.
0:48 of 3rd period - Icing by Ryan Suter.
0:49 of 3rd period - Patrice Bergeron wins face-off versus Nicklas Backstrom in Devils zone.
0:53 of 3rd period - Shot by Patrice Bergeron.
0:53 of 3rd period - Goal by Patrice Bergeron - Devils : 3 - Lightning : 3.
0:54 of 3rd period - Patrice Bergeron wins face-off versus Sam Reinhart in neutral zone.
1:06 of 3rd period - Shot by Travis Konecny.
1:06 of 3rd period - Shot Blocked by Jason Demers.
1:08 of 3rd period - Shot by Zack Smith.
1:08 of 3rd period - Shot Misses the Net.
1:10 of 3rd period - Shot by Travis Konecny.
1:10 of 3rd period - Shot Misses the Net.
1:12 of 3rd period - Shot by Sam Reinhart.
1:12 of 3rd period - Stopped by Jaroslav Halak with a rebound.
1:32 of 3rd period - Shot by Travis Konecny.
1:32 of 3rd period - Stopped by Jaroslav Halak without a rebound.
1:33 of 3rd period - Tyler Bozak wins face-off versus Bo Horvat in Lightning zone.
1:38 of 3rd period - Shot by Mike Hoffman.
1:38 of 3rd period - Deflect By Tyler Bozak.
1:38 of 3rd period - Shot Blocked by Alex Killorn.
2:04 of 3rd period - Shot by Alex Killorn.
2:04 of 3rd period - Stopped by Jordan Binnington without a rebound.
2:05 of 3rd period - Nicklas Backstrom wins face-off versus Travis Zajac in Devils zone.
2:07 of 3rd period - Cale Makar is hit by Pierre-Edouard Bellemare and loses puck.
2:22 of 3rd period - Shot by Jeff Skinner.
2:22 of 3rd period - Shot Misses the Net.
2:24 of 3rd period - Shot by Zach Bogosian.
2:24 of 3rd period - Shot Blocked by Cale Makar.
2:47 of 3rd period - Cale Makar is hit by Luca Sbisa.
3:30 of 3rd period - Shot by Sam Reinhart.
3:30 of 3rd period - Stopped by Jaroslav Halak without a rebound.
3:31 of 3rd period - Patrice Bergeron wins face-off versus Mike Hoffman in Lightning zone.
3:58 of 3rd period - Logan Couture is hit by Mikhail Sergachev and loses puck.
4:05 of 3rd period - Shot by Logan Couture.
4:05 of 3rd period - Stopped by Jordan Binnington without a rebound.
4:06 of 3rd period - Zack Kassian wins face-off versus Brian Boyle in Devils zone.
5:08 of 3rd period - Travis Konecny is hit by Erik Gudbranson and loses puck.
6:15 of 3rd period - Icing by Damon Severson.
6:16 of 3rd period - Travis Zajac wins face-off versus Nicklas Backstrom in Devils zone.
6:22 of 3rd period - Pierre-Edouard Bellemare is hit by Mikhail Sergachev and loses puck.
7:02 of 3rd period - Icing by Ryan Suter.
7:03 of 3rd period - Tyler Bozak wins face-off versus Bo Horvat in Devils zone.
7:18 of 3rd period - Shot by Pavel Zacha.
7:18 of 3rd period - Shot Misses the Net.
7:31 of 3rd period - Shot by Bo Horvat.
7:31 of 3rd period - Deflect By Alex Killorn.
7:31 of 3rd period - Stopped by Jordan Binnington without a rebound.
7:32 of 3rd period - Frederik Gauthier wins face-off versus Sam Reinhart in Devils zone.
7:35 of 3rd period - Shot by Frederik Gauthier.
7:35 of 3rd period - Stopped by Jordan Binnington without a rebound.
7:36 of 3rd period - Sam Reinhart wins face-off versus Frederik Gauthier in Devils zone.
7:51 of 3rd period - Shot by Sam Reinhart.
7:51 of 3rd period - Shot Misses the Net.
8:11 of 3rd period - Joonas Donskoi is hit by Zack Smith and loses puck.
8:17 of 3rd period - Zach Bogosian is hit by Zack Smith and loses puck.
8:18 of 3rd period - Zach Bogosian from Lightning is injured at 8:18 of 3rd period (Right Hand).
8:19 of 3rd period - Chris Kreider wins face-off versus Patrice Bergeron in neutral zone.
8:19 of 3rd period - Chris Kreider is hit by Jeff Carter.
8:23 of 3rd period - Logan Couture is hit by Chris Kreider and loses puck.
8:29 of 3rd period - Jeff Carter is hit by Damon Severson and loses puck.
9:21 of 3rd period - Icing by Damon Severson.
9:22 of 3rd period - Bo Horvat wins face-off versus T.J. Oshie in Devils zone.
9:27 of 3rd period - Shot by Bo Horvat.
9:27 of 3rd period - Stopped by Jordan Binnington without a rebound.
9:28 of 3rd period - Travis Zajac wins face-off versus Sam Reinhart in Devils zone.
9:34 of 3rd period - Icing by Ryan Suter.
9:35 of 3rd period - Bo Horvat wins face-off versus Sam Reinhart in Devils zone.
9:35 of 3rd period - Bo Horvat is hit by Justin Schultz.
9:41 of 3rd period - Shot by Alex Killorn.
9:41 of 3rd period - Shot Misses the Net.
10:05 of 3rd period - Shot by Alex Killorn.
10:05 of 3rd period - Shot Misses the Net.
10:07 of 3rd period - Shot by Bo Horvat.
10:07 of 3rd period - Stopped by Jordan Binnington without a rebound.
10:08 of 3rd period - Tyler Bozak wins face-off versus Patrice Bergeron in Devils zone.
10:41 of 3rd period - Shot by Patrice Bergeron.
10:41 of 3rd period - Stopped by Jordan Binnington with a rebound.
10:47 of 3rd period - Logan Couture is hit by Pavel Zacha and loses puck.
11:05 of 3rd period - Off-side.
11:06 of 3rd period - Sam Reinhart wins face-off versus Bo Horvat in neutral zone.
11:17 of 3rd period - Shot by Alex Killorn.
11:17 of 3rd period - Shot Blocked by Sam Reinhart.
11:44 of 3rd period - Shot by Sam Reinhart.
11:44 of 3rd period - Shot Misses the Net.
12:02 of 3rd period - Shot by Nicklas Backstrom.
12:02 of 3rd period - Deflect By Chris Kreider.
12:02 of 3rd period - Shot Misses the Net.
12:17 of 3rd period - Travis Zajac is hit by Mikhail Sergachev and loses puck.
12:26 of 3rd period - Shot by Travis Zajac.
12:26 of 3rd period - Stopped by Jordan Binnington without a rebound.
12:27 of 3rd period - Tyler Bozak wins face-off versus Patrice Bergeron in Devils zone.
12:37 of 3rd period - Off-side.
12:38 of 3rd period - Brian Boyle wins face-off versus Patrice Bergeron in neutral zone.
12:38 of 3rd period - Cale Makar is hit by Jeff Carter and loses puck.
13:06 of 3rd period - Brian Boyle is hit by Alexander Edler and loses puck.
13:13 of 3rd period - Shot by Brian Boyle.
13:13 of 3rd period - Stopped by Jaroslav Halak without a rebound.
13:14 of 3rd period - Bo Horvat wins face-off versus Tyler Bozak in Lightning zone.
13:52 of 3rd period - Shot by Tyler Bozak.
13:52 of 3rd period - Shot Misses the Net.
14:27 of 3rd period - Shot by Jeff Skinner.
14:27 of 3rd period - Stopped by Jordan Binnington without a rebound.
14:28 of 3rd period - Patrice Bergeron wins face-off versus Zack Smith in Devils zone.
14:45 of 3rd period - Off-side.
14:46 of 3rd period - Nicklas Backstrom wins face-off versus Travis Zajac in neutral zone.
14:57 of 3rd period - Pierre-Edouard Bellemare is hit by T.J. Oshie and loses puck.
15:02 of 3rd period - Shot by Chris Kreider.
15:02 of 3rd period - Shot Blocked by Pierre-Edouard Bellemare.
15:04 of 3rd period - Shot by T.J. Oshie.
15:04 of 3rd period - Stopped by Jaroslav Halak with a rebound.
15:06 of 3rd period - Shot by Mikhail Sergachev.
15:06 of 3rd period - Stopped by Jaroslav Halak without a rebound.
15:07 of 3rd period - Travis Konecny wins face-off versus Bo Horvat in Lightning zone.
16:18 of 3rd period - Shot by Patrice Bergeron.
16:18 of 3rd period - Shot Misses the Net.
16:20 of 3rd period - Shot by Jason Demers.
16:20 of 3rd period - Stopped by Jordan Binnington without a rebound.
16:21 of 3rd period - Pavel Zacha wins face-off versus Travis Zajac in Devils zone.
16:23 of 3rd period - Icing by Justin Schultz.
16:24 of 3rd period - Patrice Bergeron wins face-off versus Tyler Bozak in Devils zone.
16:35 of 3rd period - Shot by Tyler Bozak.
16:35 of 3rd period - Shot Misses the Net.
16:44 of 3rd period - Minor Penalty to Jeff Carter for Elbowing.
16:45 of 3rd period - Pierre-Edouard Bellemare wins face-off versus Nicklas Backstrom in Lightning zone.
16:56 of 3rd period - Shot by Cale Makar.
16:56 of 3rd period - Stopped by Jaroslav Halak without a rebound.
16:57 of 3rd period - Pierre-Edouard Bellemare wins face-off versus Sam Reinhart in Lightning zone.
17:22 of 3rd period - Shot by Cale Makar.
17:22 of 3rd period - Shot Hit the Post.
17:34 of 3rd period - Shot by Mike Hoffman.
17:34 of 3rd period - Goal by Mike Hoffman - Devils : 4 - Lightning : 3.
17:35 of 3rd period - Nicklas Backstrom wins face-off versus Bo Horvat in neutral zone.
17:58 of 3rd period - Bo Horvat is hit by Damon Severson.
19:05 of 3rd period - Mathieu Joseph is hit by Alexander Edler and loses puck.
19:21 of 3rd period - Mike Hoffman is hit by Alexander Edler and loses puck.
19:28 of 3rd period - Shot by Damon Severson.
19:28 of 3rd period - Shot Blocked by Kevin Shattenkirk.
19:30 of 3rd period - Shot by Mike Hoffman.
19:30 of 3rd period - Stopped by Jaroslav Halak without a rebound.
19:31 of 3rd period - Travis Zajac wins face-off versus Tyler Bozak in Lightning zone.
19:36 of 3rd period - Lightning, Jaroslav Halak is pulled from the net.
Goals for this period are 1 for Devils vs 1 for Lightning.
Shots for this period are 9 for Devils vs 11 for Lightning.